 Dungeon Sprint DCSS version 0.22.1-2-g9c5b331 (webtiles) character file.

4450 diana the Sniper (level 10, -2/53 HPs)
             Began as a Kobold Hunter on Dec 28, 2018.
             Was a High Priest of Okawaru.
             Slain by a spriggan rider
             ... wielding a +0 spear
              (9 damage)
             ... in the Dungeon (Sprint V: "Ziggurat Sprint").
             The game lasted 00:06:46 (888 turns).

diana the Sniper (Kobold Hunter)                     Turns: 888, Time: 00:06:47

Health: -2/53      AC:  9    Str: 21    XL:     10   Next: 63%
Magic:  10/10      EV: 11    Int: 14    God:    Okawaru [*****.]
Gold:   0          SH:  0    Dex: 20    Spells: 9/9 levels left

rFire    + . .     SeeInvis +   x - +9 heavy crossbow "Sniper" {velocity, Acc+∞ SInv}
rCold    x . .     Gourm    .   (shield currently unavailable)
rNeg     . . .     Faith    .   a - +1 chain mail of Unreason {+Blink}
rPois    .         Spirit   .   (no helmet)
rElec    +         Reflect  .   (no cloak)
rCorr    .         Harm     .   (no gloves)
MR       .....     NoTele   +   (no boots)
Stlth    ..........             (no amulet)
HPRegen  0.17/turn              G - +6 ring of strength
MPRegen  0.12/turn              R - ring of Ebaugoij {Fire rElec Str+6 Int+4}

@: lethally poisoned (-2 -> -7), slowed, very slow
A: small, blurry vision 1, carnivore, dopey 1
a: Heroism, Finesse, Renounce Religion, Evoke Blink


You were in the Dungeon.
You worshipped Okawaru.
Okawaru was extremely pleased with you.
You were not hungry.

You visited 1 branch

Inventory:

Hand Weapons
 x - the +9 heavy crossbow "Sniper" (weapon) {velocity, Acc+∞ SInv}
   (You found it in the Dungeon)

   Any bolt fired from it inflicts extra damage.
   It lets you see invisible.
 z - the +9 sword of Zonguldrok {reap}
   (You found it in the Dungeon)

   If a monster killed with it leaves a corpse in good enough shape, the corpse
   will be animated as a zombie friendly to the killer.
 A - a +5 dagger
 B - a +5 quick blade
 P - the +10 zealot's sword {holy, *Rage rN+ EV+3}
   (You found it in the Dungeon)

   It has been blessed by the Shining One to cause great damage to the undead
   and demons.
   It affects your evasion (+3).
   It protects you from negative energy.
   It may make you go berserk in combat.
Missiles
 d - 1084 bolts (quivered)
Armour
 a - the +1 chain mail of Unreason (worn) {+Blink}
   (You found it in the Dungeon)

   It lets you blink.
 y - the +15 Maxwell's patent armour {-Cast -Tele rElec MR+ rCorr}
   (You found it in the Dungeon)

   It insulates you from electricity.
   It affects your resistance to hostile enchantments.
   It prevents spellcasting.
   It prevents most forms of teleportation.
   It provides partial protection from all sources of acid and corrosion.
 L - a +3 buckler
Jewellery
 b - the ring "Igied" {*Corrode rElec rN+ MR++ Int+4}
   (You found it in the Dungeon)

   [ring of intelligence]

   It affects your intelligence (+4).
   It insulates you from electricity.
   It protects you from negative energy.
   It affects your resistance to hostile enchantments.
   It may corrode you when you take damage.
 o - an uncursed ring of wizardry
 C - a +6 ring of dexterity
 D - a +6 ring of dexterity
 E - a +6 ring of intelligence
 F - a +6 ring of intelligence
 G - a +6 ring of strength (left hand)
 H - a +6 ring of strength
 R - the ring of Ebaugoij (right hand) {Fire rElec Str+6 Int+4}
   (You found it in the Dungeon)

   [ring of fire]

   It enhances your fire magic.
   It affects your strength (+6).
   It affects your intelligence (+4).
   It protects you from fire.
   It makes you vulnerable to cold.
   It insulates you from electricity.
 S - a +2 ring of dexterity
Wands
 I - a wand of disintegration (7)
 J - a wand of iceblast (7)
 K - a wand of acid (7)
Scrolls
 k - 4 scrolls of blinking
 r - 4 scrolls of amnesia
 s - 7 scrolls of fog
 t - a scroll of holy word
 u - 5 scrolls of identify
 v - 5 scrolls of remove curse
 w - 2 scrolls of fear
 M - a scroll of brand weapon
 O - a scroll of acquirement
Potions
 e - 9 potions of curing
 g - 4 potions of heal wounds
 h - 6 potions of haste
 i - 7 potions of magic
 j - 3 potions of berserk rage
 l - 2 potions of brilliance
 m - 2 potions of invisibility
 n - 4 potions of resistance
 p - 6 potions of agility
 q - 5 potions of might
Miscellaneous
 N - a phantom mirror
Comestibles
 f - 7 rations


   Skills:
 - Level 2.1 Fighting
 * Level 25.0 Crossbows
 - Level 2.4 Dodging
 - Level 1.3 Stealth


You had 9 spell levels left.
You didn't know any spells.
Your spell library contained the following spells:

 Spells                   Type           Power        Failure   Level  Hunger
 Animate Skeleton         Necr           N/A          97%         1    ##.....
 Confusing Touch          Hex            #.....       97%         1    ##.....
 Pain                     Necr           #...         97%         1    ##.....
 Swiftness                Chrm/Air       #.......     99%         2    ###....
 Confuse                  Hex            #.......     100%        3    ####...
 Gell's Gravitas          Tloc           #.........   100%        3    ####...
 Regeneration             Chrm/Necr      #.........   100%        3    ####...
 Static Discharge         Conj/Air       #.......     100%        3    ####...
 Summon Guardian Golem    Hex/Summ       #.......     100%        3    ####...
 Vampiric Draining        Necr           #.........   100%        3    ####...
 Animate Dead             Necr           N/A          100%        4    #####..
 Petrify                  Tmut/Erth      #.......     100%        4    #####..
 Lightning Bolt           Conj/Air       #.........   100%        5    ######.
 Metabolic Englaciation   Hex/Ice        #.........   100%        5    ######.
 Summon Demon             Summ           #.........   100%        5    ######.
 Yara's Violent Unravell  Hex/Tmut       #.........   100%        5    ######.
 Freezing Cloud           Conj/Ice/Air   #.........   100%        6    #######
 Ignition                 Fire           #.........   100%        8    #######
 Shatter                  Erth           #.........   100%        9    #######
 Tornado                  Air            #.........   100%        9    #######


Dungeon Overview and Level Annotations

Branches:
Dungeon (1/1)

Altars:
Ashenzari
Cheibriados
Dithmenos
Elyvilon
Fedhas
Gozag
Hepliaklqana
Kikubaaqudgha
Makhleb
Nemelex Xobeh
Okawaru
Qazlal
Ru
Sif Muna
Trog
Uskayaw
Vehumet
Wu Jian
Xom
Yredelemnul
Zin
The Shining One
Beogh
Jiyva
Lugonu


Innate Abilities, Weirdness & Mutations

You are small and have problems with some larger weapons.
You are carnivorous and can eat meat at any time.
Scrolls take you a little longer to read.
You are dopey. (Int -2)


Message History

Remove which piece of jewellery? (? for menu, Esc to quit)
That's the wrong kind of item! (Use * to select it.) Remove which piece of jewellery? (? for menu, Esc to quit)
You don't have any such object.
Remove which piece of jewellery? (? for menu, Esc to quit)
Okay, then.
Really read with blurry vision while enemies are nearby?
You feel yourself speed up.
You feel sick. The wolf barely misses you. The wolf closely misses you.
The wolf barely misses you. The hornet stings you!
You feel yourself slow down.
The spriggan rider hits you but does no damage.
The wolf barely misses you.
You begin reading the scroll.
You continue reading the scroll.
You feel sick. The wolf barely misses you. x2
The wolf bites you but does no damage. The hornet stings you!
* * * LOW HITPOINT WARNING * * *
You feel as though you will be slow longer.
The wolf bites you but does no damage. The wolf barely misses you.
The spriggan rider hits you from afar with a spear!
You die...

▓..8©8..▓
▓..|=)}[..▓..}[)..▓
▓...[)}...▓...)...▓
▓.........▓.......▓
▓.........▓.......▓
▓.........▓.......▓
▓...iih...▓..=....▓
▓.▓.yhh.▓.▓.▓...▓.▓
▓..ih@....▓...©...▓
▓▓▓▓▓▓▓▓▓▓▓▓▓▓▓▓▓▓▓


You could see a spriggan rider, a hornet, a black bear, 2 spriggans and 3
wolves.

Vanquished Creatures
  3 ugly things (D)
  A shining eye (D)
  A rime drake (D)
  2 jumping spiders (D)
  2 slime creatures (D)
  A spriggan (D)
  A steam dragon (D)
  3 neqoxecs (D)
  3 hell hounds (D)
  A porcupine (D)
  2 water moccasins (D)
  2 floating eyes (D)
  A swamp drake (D)
  2 bullfrogs (D)
  3 scorpions (D)
  2 quasits (D)
  An iron imp (D)
  2 jellies (D)
  A river rat (D)
  A shadow imp (D)
  An ufetubus (D)
  An adder zombie (D)
  A bat skeleton (D)
38 creatures vanquished.

Vanquished Creatures (others)
  A spatial maelstrom (D)
1 creature vanquished.

Grand Total: 39 creatures vanquished

Notes
Turn   | Place    | Note
-------+----------+-------------------------------------------
     0 | D        | Found the +6 Majin-Bo {vamp, Archmagi MP+6 Int+6}
     0 | D        | Found the +7 great mace "Firestarter" {inner flame, rF++}
     0 | D        | diana the Kobold Hunter began the quest for the Orb.
     0 | D        | Reached XP level 1. HP: 12/12 MP: 1/1
     0 | D        | Found a deep blue altar of Sif Muna.
     0 | D        | Found a sacrificial altar of Ru.
     0 | D        | Found a bloodstained altar of Trog.
     0 | D        | Found a stormy altar of Qazlal.
     0 | D        | Found an iron altar of Okawaru.
     0 | D        | Found a sparkling altar of Nemelex Xobeh.
     0 | D        | Found a blossoming altar of Fedhas.
     2 | D        | Found a transporter.
     2 | D        | Found an ancient bone altar of Kikubaaqudgha.
     2 | D        | Found a viscous altar of Jiyva.
     2 | D        | Found a corrupted altar of Lugonu.
     2 | D        | Found a hazy altar of Hepliaklqana.
     2 | D        | Found a burning altar of Makhleb.
     2 | D        | Found an opulent altar of Gozag.
    10 | D        | Found the +9 heavy crossbow "Sniper" {velocity, Acc+∞ SInv}
    10 | D        | Found the +10 dark maul {crush}
    10 | D        | Found the +15 Maxwell's patent armour {-Cast -Tele rElec
                  | MR+ rCorr}
    10 | D        | Found the +18 shield of the Gong {rElec rN+ MR+ EV-5}
    10 | D        | Found the cursed +14 obsidian axe {chop, +Fly SInv *Curse}
    12 | D        | Found the +6 shillelagh "Devastator" {shatter}
    12 | D        | Found the +11 plutonium sword {*Contam Stlth-}
    12 | D        | Found the +8 lance "Wyrmbane" {slay drac, rPois rF+ rC+
                  | AC+3}
    12 | D        | Found the +9 sword of Zonguldrok {reap}
    12 | D        | Found the cursed +13 scythe of Curses {drain, *Curse}
    12 | D        | Found the +0 sword of Power
    12 | D        | Found the +7 mace of Variability {chain chaos}
    12 | D        | Found the +7 Singing Sword
    12 | D        | Found the +7 longbow "Piercer" {penet, EV-2}
    14 | D        | Banished a spatial maelstrom
    62 | D        | Became a worshipper of Warmaster Okawaru
    68 | D        | Reached skill level 10 in Crossbows
    68 | D        | Reached XP level 2. HP: 17/17 MP: 2/2
    85 | D        | Entered arena 2.
    85 | D        | Noticed a hell hound
    85 | D        | Found a transporter.
    89 | D        | Killed a hell hound
    89 | D        | Reached skill level 13 in Crossbows
    89 | D        | Reached XP level 3. HP: 16/21 MP: 3/3
    89 | D        | Reached XP level 4. HP: 20/26 MP: 4/4
    89 | D        | Reached XP level 5. HP: 23/30 MP: 5/5
   103 | D        | Entered arena 3.
   103 | D        | Noticed a rime drake
   103 | D        | Noticed a steam dragon
   103 | D        | Noticed a swamp drake
   103 | D        | Found a transporter.
   105 | D        | Killed a swamp drake
   105 | D        | Reached * piety under Okawaru
   105 | D        | Reached skill level 14 in Crossbows
   105 | D        | Reached XP level 6. HP: 33/35 MP: 6/6
   107 | D        | Killed a rime drake
   107 | D        | Reached skill level 16 in Crossbows
   107 | D        | Reached XP level 7. HP: 21/40 MP: 7/7
   109 | D        | Killed a steam dragon
   109 | D        | Reached skill level 17 in Crossbows
   250 | D        | Entered arena 4.
   250 | D        | Noticed a hell hound
   250 | D        | Noticed a hell hound
   250 | D        | Found a transporter.
   251 | D        | Killed a hell hound
   251 | D        | Reached ** piety under Okawaru
   252 | D        | Killed a hell hound
   252 | D        | Reached skill level 18 in Crossbows
   267 | D        | Got the Catalogue of Lightness
   272 | D        | Entered arena 5.
   272 | D        | Found a transporter.
   274 | D        | Reached XP level 8. HP: 44/44 MP: 8/8
   293 | D        | Entered arena 6.
   293 | D        | Noticed a jumping spider
   293 | D        | Noticed a jumping spider
   293 | D        | Found a transporter.
   294 | D        | Found the +10 zealot's sword {holy, *Rage rN+ EV+3}
   297 | D        | Killed a jumping spider
   297 | D        | Reached *** piety under Okawaru
   297 | D        | Reached skill level 19 in Crossbows
   301 | D        | Killed a jumping spider
   301 | D        | Reached skill level 20 in Crossbows
   319 | D        | Entered arena 7.
   320 | D        | Received a gift from Okawaru
   320 | D        | Reached XP level 9. HP: 48/48 MP: 9/9
   323 | D        | Received a gift from Okawaru
   323 | D        | Reached skill level 21 in Crossbows
   330 | D        | Found a transporter.
   351 | D        | Got Mapatoewyow's Papyrus of Supportive Good Luck
   356 | D        | Got the ring of Ebaugoij {Fire rElec Str+6 Int+4}
   569 | D        | Entered arena 8.
   569 | D        | Noticed a slime creature
   569 | D        | Noticed a slime creature
   569 | D        | Paralysed by a floating eye for 2 turns
   578 | D        | Found a transporter.
   587 | D        | Reached **** piety under Okawaru
   592 | D        | Killed a slime creature
   592 | D        | Reached skill level 22 in Crossbows
   596 | D        | Killed a slime creature
   651 | D        | Got the +1 chain mail of Unreason {+Blink}
   655 | D        | Entered arena 9.
   655 | D        | Noticed a cyan ugly thing
   655 | D        | Noticed a cyan ugly thing
   655 | D        | Noticed a shining eye
   655 | D        | Noticed a white ugly thing
   662 | D        | Found a transporter.
   662 | D        | Gained mutation: You are dopey. (Int -2) [a shining eye]
   668 | D        | Reached skill level 23 in Crossbows
   669 | D        | Gained mutation: Scrolls take you a little longer to read.
                  | [a shining eye]
   671 | D        | Killed a shining eye
   671 | D        | Received a gift from Okawaru
   671 | D        | Reached XP level 10. HP: 24/53 MP: 10/10
   681 | D        | Killed a red ugly thing
   681 | D        | Reached skill level 24 in Crossbows
   683 | D        | Killed a red ugly thing
   683 | D        | Reached ***** piety under Okawaru
   683 | D        | Received a gift from Okawaru
   684 | D        | Killed a red ugly thing
   686 | D        | Got the ring "Igied" {*Corrode rElec rN+ MR++ Int+4}
   884 | D        | Entered arena 10.
   884 | D        | Noticed a spriggan rider
   884 | D        | Noticed a spriggan rider
   886 | D        | Reached skill level 25 in Crossbows
   888 | D        | Slain by a spriggan rider

Skill      XL: |  1  2  3  4  5  6  7  8  9 10 |
---------------+-------------------------------+-----
Crossbows      | 10 13 14 16 18 20 23 25 | 25.0
Fighting       | |  2.1
Dodging        | |  2.4
Stealth        | |  1.3

Action                   |  1- 3 |  4- 6 |  7- 9 | 10-12 || total
-------------------------+-------+-------+-------+-------++-------
 Fire: Heavy crossbow    |     3 |     4 |    51 |     9 ||    67
Invok: Heroism           |       |       |       |     1 ||     1
  Use: Potion            |     2 |     1 |     2 |     3 ||     8
Armor: Plate armour      |     8 |     6 |    99 |     8 ||   121
       Chain mail        |       |       |       |     5 ||     5
Dodge: Dodged            |     9 |     1 |    48 |    15 ||    73
